Map: [ESL] Goldenaura

Players

llllllllllll (sOs) - Winner!

  • Race: Protoss Protoss
  • Spawn Location: 5:00

ShoWTimE

  • Race: Protoss Protoss
  • Spawn Location: 12:00

Event: IEM Katowice 2024

VOD

Have the link to the VOD?

Description

Time

  • Played on: Dec. 5, 2023, 5:21 a.m.
  • Length: 18:03

All games in this series

Show
View Real Time Build Order
Export as new Build Order

llllllllllll Protoss - Winner!

Build Orders: Oracle Opening, Blink Stalkers 

Get SALT Encoding   

  12  0:00  Probe  
  13  0:12  Probe  
  14  0:20  Pylon  
  14  0:24  Probe (Chrono Boost)  
  15  0:38  Gateway  
  15  0:39  Probe (Chrono Boost)  
  16  0:46  Probe (Chrono Boost)  
  16  0:47  Assimilator  
  17  0:54  Probe (Chrono Boost)  
  17  0:56  Assimilator  
  18  1:06  Probe (Chrono Boost)  
  18  1:08  Gateway  
  19  1:13  Probe (Chrono Boost)  
  20  1:20  Probe  
  20  1:25  Cybernetics Core  
  21  1:32  Probe  
  22  1:36  Pylon  
  22  1:44  Probe  
  23  1:57  Probe  
  24  2:01  Adept  
  24  2:02  Adept  
  24  2:06  Stargate  
  28  2:13  Warp Gate  
  28  2:23  Pylon  
  28  2:35  Stalker  
  32  2:50  Oracle (Chrono Boost)  
  32  2:56  Shield Battery  
  33  3:04  Probe  
  34  3:11  Nexus  
  34  3:22  Twilight Council  
  34  3:25  Probe  
  35  3:36  Gateway  
  35  3:37  Probe  
  36  3:49  Probe  
  36  3:52  Blink (Chrono Boost)  
  37  4:01  Probe  
  38  4:09  Pylon  
  36  4:14  Probe (Chrono Boost)  
  37  4:23  Stalker x2  
  41  4:25  Probe (Chrono Boost)  
  43  4:31  Probe (Chrono Boost)  
  43  4:34  Sentry, Probe (Chrono Boost)  
  47  4:38  Probe (Chrono Boost)  
  47  4:39  Probe (Chrono Boost)  
  48  4:50  Probe  
  48  4:51  Probe  
  50  4:59  Stalker x3  
  56  5:04  Pylon  
  56  5:09  Probe x2  
  58  5:16  Nexus  
  58  5:21  Probe  
  58  5:22  Probe  
  58  5:25  Forge  
  60  5:29  Stalker  
  60  5:33  Stalker  
  64  5:38  Shield Battery  
  64  5:41  Stalker  
  64  5:42  Probe  
  67  5:45  Probe  
  67  5:48  Charge  
  68  5:54  Protoss Ground Weapons Level 1 (Chrono Boost)  
  68  5:58  Probe x2, Pylon  
  70  6:16  Probe x2  
  72  6:21  Robotics Facility  
  72  6:26  Gateway  
  72  6:27  Gateway  
  72  6:28  Probe (Chrono Boost)  
  72  6:32  Gateway  
  75  6:35  Gateway  
  75  6:36  Probe x2 (Chrono Boost)  
  75  6:39  Gateway  
  75  6:42  Probe (Chrono Boost)  
  75  6:43  Templar Archives, Probe x2  
  78  6:47  Assimilator  
  78  6:48  Zealot x2  
  78  6:51  Zealot  
  84  6:59  Pylon, Probe x3  
  87  7:09  Pylon  
  87  7:12  Observer  
  88  7:15  Nexus  
  88  7:19  Probe x3  
  91  7:31  Zealot x7  
  91  7:36  Protoss Ground Weapons Level 2 (Chrono Boost), Warp Prism  
  107  7:41  Pylon  
  107  7:46  Gateway  
  107  7:47  Probe  
  107  7:48  Probe  
  109  7:55  Gateway  
  109  7:57  Pylon  
  109  7:59  Probe  
  109  8:01  High Templar x2, Zealot  
  116  8:08  Archon  
  116  8:13  Pylon x2  
  116  8:18  Zealot x4  
  124  8:26  Pylon x2  
  124  8:35  Zealot x2  
  124  8:36  Zealot x2, Probe  
  124  8:38  Warp Prism, Shield Battery  
  135  8:43  Zealot x4  
  143  9:00  High Templar x2, Zealot  
  143  9:01  Zealot x3  
  155  9:05  Zealot x4  
  155  9:06  Archon  
  155  9:14  Immortal (Chrono Boost)  
  155  9:24  Pylon  
  155  9:25  Probe  
  156  9:32  Pylon  
  156  9:37  Protoss Ground Weapons Level 3 (Chrono Boost)  
  156  9:39  Nexus  
  160  9:46  Immortal (Chrono Boost), Pylon  
  160  9:47  Probe  
  160  9:49  Probe  
  160  9:50  Probe  
  160  9:52  Assimilator  
  163  9:55  Assimilator  
  163  10:04  Zealot  
  163  10:05  Zealot x9  
  163  10:07  Immortal  
  157  10:31  Photon Cannon  
  157  10:32  High Templar x2, Zealot x2, Shield Battery  
  157  10:33  Zealot x6  
  177  10:37  Archon  
  177  10:40  Photon Cannon  
  169  10:42  Dark Shrine  
  169  10:45  Immortal  
  165  11:02  Zealot x8  
  173  11:08  Zealot  
  173  11:09  Zealot, Probe  
  178  11:12  Photon Cannon  
  178  11:13  Probe  
  178  11:15  Probe  
  178  11:17  Probe  
  181  11:19  Photon Cannon, Shield Battery  
  179  11:33  High Templar x2, Zealot x5  
  179  11:34  Zealot x3  
  179  11:37  Archon  
  155  11:56  Zealot x7  
  141  12:05  Protoss Ground Armor Level 1 (Chrono Boost)  
  129  12:12  Zealot x3  
  123  12:16  Stalker x5  
  123  12:17  Stalker x2  
  123  12:19  Probe x3  
  123  12:20  Probe  
  141  12:34  Observer  
  141  12:36  Immortal  
  145  12:43  High Templar x2, Zealot x3  
  145  12:44  Zealot x4  
  157  12:45  Zealot  
  157  12:48  Archon  
  157  12:49  Shadow Stride (Chrono Boost)  
  161  12:51  Photon Cannon  
  159  13:09  Zealot x5  
  159  13:10  Zealot x3  
  159  13:12  Warp Prism (Chrono Boost)  
  171  13:29  High Templar  
  171  13:30  High Templar x3  
  171  13:31  Zealot x6  
  171  13:33  Probe  
  192  13:35  Archon x2  
  192  13:37  Photon Cannon  
  192  13:41  Observer  
  189  14:07  High Templar x4  
  189  14:08  Zealot x3, Protoss Ground Armor Level 2 (Chrono Boost)  
  199  14:11  Archon  
  199  14:13  Archon  
  199  14:20  Observer  
  199  14:23  Gateway  
  200  14:24  Gateway  
  200  14:32  Gateway  
  200  14:34  Gateway  
  190  14:44  Zealot x6  
  190  14:45  Zealot x3  
  194  14:49  Nexus  
  194  14:50  Immortal (Chrono Boost)  
  194  14:52  Pylon  
  184  14:56  Zealot  
  182  15:07  Stalker x5  
  182  15:08  Stalker x4  
  198  15:14  Photon Cannon  
  198  15:15  Photon Cannon  
  198  15:17  Shield Battery  
  198  15:18  Shield Battery  
  198  15:20  Shield Battery  
  177  15:57  Dark Templar  
  177  15:58  Dark Templar x3  
  177  16:01  Zealot x8  
  177  16:02  Zealot  
  199  16:04  Observer  
  199  16:08  Probe  
  183  16:23  Zealot x10  
  155  16:38  Zealot x4, Immortal (Chrono Boost)  
  162  16:41  Probe  
  162  16:44  Zealot x4  
  162  16:45  Zealot, Stalker x5  
  187  16:52  Nexus  
  180  17:08  Observer (Chrono Boost)  
  180  17:09  Dark Templar  
  180  17:12  Zealot x6  
  180  17:13  Zealot x3  
  198  17:26  Pylon  
  198  17:29  Observer, Photon Cannon  
  198  17:30  Shield Battery  
  198  17:32  Pylon  
  198  17:34  Observer  
  165  17:54  Zealot x12  
  165  17:55  Zealot  
Show
View Real Time Build Order
Export as new Build Order

ShoWTimE Protoss 

Build Orders: Phoenix Opening, Blink Stalkers 

Get SALT Encoding   

  12  0:00  Probe  
  13  0:12  Probe  
  14  0:17  Pylon  
  14  0:24  Probe (Chrono Boost)  
  15  0:36  Gateway, Probe (Chrono Boost)  
  16  0:44  Probe (Chrono Boost)  
  16  0:46  Assimilator  
  17  0:51  Probe  
  17  0:54  Assimilator  
  18  1:03  Probe (Chrono Boost)  
  19  1:07  Gateway  
  19  1:13  Probe (Chrono Boost)  
  19  1:18  Probe (Chrono Boost)  
  20  1:24  Cybernetics Core  
  21  1:29  Probe  
  22  1:35  Pylon  
  22  1:41  Probe  
  23  1:53  Probe  
  24  2:00  Stalker  
  24  2:01  Warp Gate  
  26  2:09  Sentry  
  26  2:12  Pylon  
  28  2:30  Stalker  
  28  2:32  Sentry  
  32  2:40  Phoenix  
  32  2:45  Nexus  
  32  2:49  Probe  
  33  2:55  Shield Battery  
  33  3:01  Shield Battery  
  33  3:04  Probe  
  34  3:14  Twilight Council  
  34  3:17  Probe  
  34  3:19  Phoenix  
  35  3:29  Probe, Pylon  
  36  3:35  Shield Battery  
  36  3:41  Probe  
  36  3:48  Blink (Chrono Boost)  
  37  3:49  Stalker x2  
  41  3:57  Probe  
  42  4:05  Probe  
  42  4:09  Probe  
  43  4:16  Stalker  
  45  4:17  Probe (Chrono Boost)  
  45  4:18  Stalker  
  45  4:20  Phoenix  
  45  4:21  Probe (Chrono Boost)  
  49  4:29  Probe (Chrono Boost)  
  51  4:33  Probe (Chrono Boost)  
  51  4:35  Probe (Chrono Boost)  
  51  4:37  Probe (Chrono Boost)  
  52  4:43  Probe  
  54  4:47  Probe  
  54  4:51  Pylon  
  55  4:53  Stalker  
  55  4:54  Stalker  
  55  4:55  Probe  
  55  4:59  Probe  
  61  5:07  Nexus  
  61  5:09  Probe  
  61  5:11  Probe  
  63  5:15  Shield Battery  
  63  5:21  Probe  
  63  5:23  Probe  
  63  5:24  Robotics Facility  
  63  5:28  Stalker x2  
  69  5:33  Pylon  
  69  5:34  Assimilator  
  69  5:35  Probe  
  70  5:44  Forge  
  70  5:46  Shield Battery  
  70  5:47  Phoenix  
  70  5:51  Probe (Chrono Boost)  
  70  5:53  Stalker x2  
  70  5:56  Probe (Chrono Boost)  
  76  6:01  Probe (Chrono Boost)  
  76  6:03  Pylon  
  78  6:05  Probe (Chrono Boost)  
  78  6:13  Phoenix  
  78  6:14  Protoss Ground Weapons Level 1 (Chrono Boost)  
  78  6:19  Observer, Probe (Chrono Boost)  
  78  6:20  Probe x2 (Chrono Boost)  
  78  6:24  Stalker x2  
  86  6:30  Probe x3 (Chrono Boost)  
  89  6:33  Gateway  
  89  6:34  Probe x2 (Chrono Boost)  
  89  6:35  Gateway, Probe (Chrono Boost)  
  92  6:43  Observer, Assimilator, Phoenix  
  92  6:45  Probe  
  94  6:48  Pylon  
  94  6:53  Gateway  
  94  6:54  Gateway  
  94  6:59  Stalker x2  
  98  7:13  Nexus, Pylon  
  98  7:15  Pylon  
  98  7:19  Probe x3  
  101  7:25  Stalker x2  
  105  7:31  Probe  
  105  7:32  Probe x2  
  105  7:34  Gateway  
  105  7:36  Gateway  
  108  7:42  Gateway  
  108  7:44  Gateway  
  108  7:45  Pylon  
  108  7:46  Probe x2  
  108  7:47  Probe  
  108  7:48  Observer  
  111  7:51  Photon Cannon  
  111  7:53  Shield Battery, Stalker x5  
  111  7:54  Stalker  
  123  7:58  Shield Battery  
  123  8:01  Shield Battery  
  123  8:02  Pylon  
  123  8:07  Protoss Ground Weapons Level 2 (Chrono Boost)  
  123  8:09  Shield Battery  
  123  8:15  Photon Cannon  
  123  8:22  Stalker x4  
  123  8:26  Stalker x2  
  135  8:33  Photon Cannon  
  135  8:45  Stalker x5  
  145  8:52  Stalker x3  
  150  8:56  Photon Cannon  
  150  8:58  Shield Battery  
  150  8:59  Pylon  
  150  9:03  Pylon  
  150  9:06  Pylon  
  150  9:09  Pylon  
  142  9:17  Stalker x2  
  144  9:19  Stalker x5  
  144  9:22  Assimilator  
  144  9:23  Probe x3  
  159  9:24  Assimilator  
  159  9:31  Stalker  
  161  9:33  Probe  
  161  9:35  Probe  
  161  9:37  Pylon  
  163  9:38  Pylon  
  163  9:39  Observer (Chrono Boost)  
  164  9:47  Stalker x3  
  164  9:48  Stalker x3  
  164  9:52  Observer (Chrono Boost), Stalker  
  178  9:57  Pylon  
  179  10:12  Observer  
  168  10:15  Protoss Ground Weapons Level 3 (Chrono Boost)  
  168  10:16  Stalker x7  
  168  10:23  Stalker  
  164  10:30  Gateway  
  164  10:34  Gateway  
  164  10:37  Probe  
  164  10:46  Stalker x4  
  164  10:47  Nexus  
  164  10:49  Pylon  
  166  10:57  Zealot, Charge (Chrono Boost)  
  166  10:58  Zealot x3  
  168  11:09  Photon Cannon  
  168  11:10  Photon Cannon  
  168  11:11  Observer, Photon Cannon  
  169  11:12  Shield Battery  
  169  11:14  Shield Battery  
  169  11:15  Stalker x4  
  169  11:16  Pylon  
  177  11:21  Stalker x4  
  182  11:37  Stalker x2  
  182  11:44  Pylon  
  164  11:48  Zealot x8  
  133  12:02  Stalker  
  133  12:03  Stalker  
  121  12:15  Stalker x8  
  105  12:31  Stalker x2  
  109  12:41  Stalker x8  
  109  12:42  Nexus  
  123  12:46  Protoss Ground Armor Level 1 (Chrono Boost)  
  123  12:49  Pylon  
  124  12:51  Observer  
  124  13:03  Stalker x2  
  128  13:08  Stalker x3  
  128  13:11  Nexus  
  133  13:14  Stalker x2  
  133  13:15  Stalker  
  139  13:23  Pylon  
  139  13:28  Stalker x4  
  147  13:41  Stalker x2  
  147  13:42  Pylon, Stalker x2  
  154  13:50  Photon Cannon, Shield Battery  
  154  13:51  Observer  
  154  13:53  Stalker x2  
  154  13:54  Stalker  
  160  14:00  Shield Battery  
  156  14:04  Shield Battery, Stalker x2  
  156  14:08  Observer  
  158  14:10  Zealot x3  
  158  14:16  Dark Shrine  
  164  14:22  Shield Battery, Pylon  
  164  14:26  Stalker x2  
  164  14:27  Shield Battery  
  167  14:31  Stalker x2  
  159  14:42  Stalker x4  
  158  14:53  Protoss Shields Level 1 (Chrono Boost)  
  156  15:08  Stalker x4  
  156  15:09  Stalker x4  
  172  15:24  Stalker  
  173  15:38  Pylon  
  173  15:39  Observer  
  173  15:42  Stalker x2  
  173  15:43  Stalker x2  
  175  15:51  Nexus  
  163  16:00  Pylon  
  162  16:05  Observer  
  163  16:14  Zealot x2  
  163  16:15  Zealot x7  
  175  16:22  Zealot  
  145  16:38  Observer  
  142  16:44  Dark Templar x7  
  142  17:02  Observer  
  142  17:03  Stalker x3  
  149  17:23  Zealot x6  
  149  17:24  Zealot  
  161  17:39  Stalker x3  
  149  17:49  Stalker  
  149  17:50  Stalker x4  
  144  17:52  Zealot  

Tags
 
Add a new tag
Caveats
  • Supply blocks, unpowered buildings, or Contaminate may cause inaccurate times.
  • Supply counts are checked every 10 seconds.